 Dungeon Crawl Stone Soup version 0.27.1-1-g398f81649c (webtiles) character file.

Game seed: 2106094327422665399

61730 Rickety the Imperceptible (level 14, -4/63 HPs)
             Began as a Spriggan Enchanter on Sept 17, 2021.
             Was a High Priest of Dithmenos.
             Slain by a death yak (10 damage)
             ... while petrified by a catoblepas
             ... on level 6 of the Lair of Beasts.
             The game lasted 01:20:50 (25032 turns).

Rickety the Imperceptible (Spriggan Enchanter)     Turns: 25032, Time: 01:20:51

Health: -4/63      AC:  9    Str:  4    XL:     14   Next: 61%
Magic:  37/39      EV:  4    Int: 17    God:    Dithmenos [*****.]
Gold:   1316       SH:  0    Dex: 20    Spells: 15/35 levels left

rFire    . . .     SeeInvis +   a - +3 dagger (venom)
rCold    + + +     Faith    .   (shield restricted)
rNeg     + + +     Spirit   .   P - +4 skin of Zhor {*Englaciate rC+++ SInv}
rPois    ∞         Reflect  .   V - +2 hat
rElec    .         Harm     .   v - +0 cloak
rCorr    .         Rampage  .   (gloves unavailable)
Will     ++...                  (boots unavailable) Stlth *****+++++
                                h - amulet of regeneration
HPRegen  1.20/turn              G - +4 ring of slaying
MPRegen  0.26/turn              w - ring of magical power

@: petrified, wreathed by umbra, studying Air Magic, very quick
A: very small, no large weapons, unfitting armour, see invisible, speed 3
a: Renounce Religion, Shadow Step, Shadow Form


You were on level 6 of the Lair of Beasts.
You worshipped Dithmenos.
Dithmenos was extremely pleased with you.
You visited 3 branches of the dungeon, and saw 19 of its levels.

You collected 1316 gold pieces.

Inventory:

Hand Weapons
 a - a +3 dagger of venom (weapon)
 b - a +0 short sword of holy wrath
 k - a +2 dagger
 L - a +0 dagger of speed
Missiles
 d - 97 poisoned darts (quivered)
 s - 6 atropa-tipped darts
 R - 5 curare-tipped darts
Armour
 n - a +0 buckler
 v - a +0 cloak (worn)
 x - a +0 robe of cold resistance
 M - +0 steam dragon scales
 O - a +1 robe of willpower
 P - the +4 skin of Zhor (worn) {*Englaciate rC+++ SInv}
   (You took it off an orc on level 10 of the Dungeon)

   It radiates cold, occasionally slowing all nearby creatures who are not
   resistant to cold.
   rC:        It renders you almost immune to cold.
   SInv:      It lets you see invisible.
 S - a +1 troll leather armour
 V - a +2 hat (worn)
Jewellery
 h - an amulet of regeneration (around neck)
 q - a ring of protection from fire
 w - a ring of magical power (right hand)
 D - a ring of willpower
 G - a +4 ring of slaying (left hand)
 Z - a ring of poison resistance
Wands
 i - a wand of mindburst (14)
 y - a wand of iceblast (22)
 F - a wand of charming (21)
 H - a wand of paralysis (31)
 K - a wand of flame (30)
 T - a wand of acid (3)
Scrolls
 c - 4 scrolls of blinking {unknown}
 e - 4 scrolls of identify
 f - 2 scrolls of fog {unknown}
 j - 8 scrolls of teleportation
 z - 2 scrolls of vulnerability
 C - a scroll of magic mapping {unknown}
 E - a scroll of enchant weapon
 J - a scroll of acquirement {unknown}
 N - a scroll of brand weapon {unknown}
 Q - 2 scrolls of enchant armour
 X - 2 scrolls of torment
Potions
 g - 6 potions of haste
 l - a potion of berserk rage
 m - 2 potions of brilliance
 o - 2 potions of might
 p - 3 potions of ambrosia
 t - 4 potions of invisibility
 u - a potion of heal wounds
 A - 4 potions of flight
 I - 4 potions of lignification
 U - 4 potions of curing
 W - a potion of attraction
 Y - a potion of resistance
Miscellaneous
 B - a lightning rod (4/4)


   Skills:
 + Level 2.7 Fighting
 + Level 6.5 Short Blades
 - Level 2.0 Throwing
 + Level 5.9 Dodging
 * Level 22.6 Stealth
 * Level 6.2 Shields
 + Level 11.4 Spellcasting
 + Level 1.0 Conjurations
 + Level 11.3 Hexes
 * Level 1.1 Summonings
 - Level 2.0 Air Magic
 * Level 7.3 Invocations
 * Level 9.9 Evocations


You had 15 spell levels left.
You knew the following spells:

 Your Spells              Type           Power      Damage    Failure   Level
a - Corona                Hex            53%        N/A       1%          1
b - Ensorcelled Hibernat  Hex/Ice        56%        N/A       1%          2
c - Confusing Touch       Hex            48%        N/A       1%          3
d - Dazzling Flash        Conj/Hex       60%        N/A       1%          3
f - Cause Fear            Hex            24%        N/A       1%          4
l - Summon Lightning Spi  Summ/Air       15%        N/A       36%         4
t - Tukima's Dance        Hex            48%        N/A       1%          3

Your spell library contained the following spells:

 Spells                   Type           Power      Damage    Failure   Level
 Slow                     Hex            48%        N/A       1%          2
 Inner Flame              Hex/Fire       28%        N/A       2%          3
 Shock                    Conj/Air       56%        1d6       4%          1
 Swiftness                Air            16%        N/A       10%         3
 Metabolic Englaciation   Hex/Ice        14%        N/A       21%         5
 Yara's Violent Unravell  Hex/Tmut       14%        3d7       21%         5
 Gell's Gravitas          Tloc           4%         N/A       22%         3
 Lesser Beckoning         Tloc           4%         N/A       22%         3
 Ozocubu's Armour         Ice            9%         N/A       22%         3
 Teleport Other           Tloc           9%         N/A       22%         3
 Airstrike                Air            8%         N/A       32%         4
 Lightning Bolt           Conj/Air       7%         1d19      73%         5
 Summon Forest            Summ/Tloc      5%         N/A       85%         5
 Fireball                 Conj/Fire      5%         3d5       86%         5
 Irradiate                Conj/Tmut      5%         3d15      86%         5
 Blade Hands              Tmut           4%         N/A       90%         5
 Discord                  Hex            24%        N/A       99%         8
 Dispersal                Tloc           4%         N/A       100%        6
 Simulacrum               Ice/Necr       4%         N/A       100%        6
 Dragon Form              Tmut           4%         N/A       100%        7
 Fire Storm               Conj/Fire      5%         8d2       100%        9


Dungeon Overview and Level Annotations

Branches:
Dungeon (12/15)            Temple (1/1) D:5            Lair (6/6) D:11
  Swamp (0/4) Lair:3        Snake (0/4) Lair:2          Orc (0/2) D:10
  Slime: Lair:5-6

Altars:
Ashenzari
Cheibriados
Dithmenos
Elyvilon
Fedhas
Gozag
Hepliaklqana
Kikubaaqudgha
Makhleb
Nemelex Xobeh
Okawaru
Qazlal
Ru
Sif Muna
Trog
Uskayaw
Vehumet
Wu Jian
Xom
Yredelemnul
Zin
The Shining One

Shops:
D:8 ((

Portals:
Trove: D:11 (give horn of Geryon)

Annotations:
D:9 exclusion: statue
Lair:4 exclusion: 2 oklob plants
Lair:5 exclusion: 3 oklob plants
Lair:6 1 runed translucent door, Jipob's ghost, adept MiBe


Innate Abilities, Weirdness & Mutations

You are very small and have problems with some larger weapons.
You are too small for most types of armour.
You have supernaturally acute eyesight. (SInv)
You cover ground extremely quickly. (Speed+++)


Message History

The blast of calcifying dust hits you.
You hit the catoblepas but do no damage.
You are engulfed in calcifying dust.
You are slowing down.
The catoblepas gores you but does no damage.
The catoblepas completely misses you.
The death yak bellows!
The yak bellows!
The death yak bellows!
You hit the catoblepas but do no damage.
You radiate an aura of cold.
The catoblepas resists.
The death yak seems to slow down.
The death yak resists.
The yak seems to slow down. x2
You hear a bellow!
The death yak is no longer moving slowly.
The catoblepas gores you!!
Your limbs are stiffening.
The yak bellows!
You hit the catoblepas but do no damage.
The catoblepas gores you!
You have turned to stone.
You radiate an aura of cold.
The catoblepas resists.
The death yak seems to slow down.
The death yak resists.
The yak seems to slow down. x2; The death yak resists.
The yak is no longer moving slowly.
The catoblepas breathes a plume of calcifying dust at you.
The blast of calcifying dust hits you.
You are engulfed in calcifying dust.
The death yak is no longer moving slowly.
The catoblepas breathes a plume of calcifying dust at you.
The blast of calcifying dust hits you.
You are engulfed in calcifying dust. x2
Your hands stop glowing.
The death yak gores you. The catoblepas gores you!
You radiate an aura of cold.
The death yak resists.
The yak seems to slow down.
The catoblepas seems to slow down.
The death yak resists.
The yak seems to slow down. x2; The death yak seems to slow down.
The death yak gores you. The death yak gores you!!
* * * LOW HITPOINT WARNING * * *
The death yak is no longer moving slowly.
The death yak gores you!
* * * LOW HITPOINT WARNING * * *
The death yak gores you!!
You die...

........# #......# .. ........#
#P.##...## Y# .......## ##
###..## ..## ..÷....# ### ##..#
#Y..# .......# ##.### ##.###(..##
.......# ##....####...(....#
.......###......##PYYY.###..#
........###.....Y#...###
.÷......# #..##§@YY.## ........#
#...###Y###
........####...####### .........#
##...###PP# .........## ##....†P#
..........###......###
..............8......###
..................8....#######
...............8........#....####


You could see 3 death yaks, a catoblepas (slow) and 3 yaks.

Vanquished Creatures
  Kirke (Lair:4)
  Harold (D:7)
  A boulder beetle (Lair:3)
  7 hydras
  Erica (D:10)
  2 catoblepae (Lair:6)
  10 death yaks
  2 two-headed ogres
  Sonja (D:11)
  3 manticores
  A centaur zombie (D:11)
  8 black mambas
  7 elephants
  A torpor snail (Lair:2)
  13 cane toads
  Maggie (D:9)
  11 rime drakes
  An unseen horror (D:9)
  2 kobold demonologists (D:9)
  21 komodo dragons
  2 trolls (D:11)
  2 polar bears (Lair:4)
  17 blink frogs
  5 dream sheep
  Sigmund (D:6)
  3 wraiths
  7 wyverns
  51 yaks
  4 hogs (Lair:4)
  8 basilisks
  A steam dragon (D:8)
  3 nagas (Lair:2)
  3 swamp worms (Lair:3)
  21 water moccasins
  2 orc warriors (D:10)
  A swamp drake (D:10)
  2 ice beasts (D:5)
  3 sky beasts
  5 black bears
  2 necrophages (D:7)
  3 ogres
  17 wolves
  2 centaurs
  4 kobold brigands
  A gnoll sergeant (D:9)
  22 bullfrogs
  A water moccasin zombie (D:5)
  4 scorpions
  A water moccasin skeleton (D:4)
  A howler monkey (D:4)
  2 bullfrog zombies
  A centaur skeleton (D:7)
  4 orc priests
  2 hounds
  3 iguanas
  2 jellies
  Jessica (D:2)
  9 orc wizards
  7 hell rats (Lair:5)
  Terence (D:1)
  A hound zombie (D:5)
  2 hound skeletons (D:4)
  5 gnolls
  8 adders
  A worm (D:4)
  3 dart slugs
  32 orcs
  9 bats
  6 endoplasms
  6 giant cockroaches
  10 goblins
  6 hobgoblins
  5 jackals
  3 quokkas
  7 ball pythons
  5 frilled lizards
  10 kobolds
  13 rats
458 creatures vanquished.

Vanquished Creatures (collateral kills)
  An orc warrior (D:9)
  2 ogres
  3 centaurs
  A jelly (D:7)
  A gnoll shaman (D:4)
  An orc priest (D:9)
  A gnoll (D:4)
  A shadow imp (D:7)
  9 orcs
20 creatures vanquished.

Vanquished Creatures (others)
  4 dancing weapons
  A bush (Lair:4)
  22 fungi
  58 plants
85 creatures vanquished.

Grand Total: 563 creatures vanquished

Notes
Turn   | Place    | Note
-------+----------+-------------------------------------------
     0 | D:1      | Rickety the Spriggan Enchanter began the quest for the Orb.
     0 | D:1      | Reached XP level 1. HP: 9/9 MP: 5/5
   520 | D:1      | Reached XP level 2. HP: 13/13 MP: 6/6
   523 | D:1      | Learned a level 2 spell: Ensorcelled Hibernation
   796 | D:1      | Found a faded altar of an unknown god.
   982 | D:1      | Reached skill level 5 in Stealth
  1348 | D:2      | Noticed Terence
  1368 | D:1      | Killed Terence
  1369 | D:1      | Reached XP level 3. HP: 4/16 MP: 0/8
  1374 | D:1      | Learned a level 3 spell: Confusing Touch
  1984 | D:2      | Reached skill level 6 in Stealth
  1984 | D:2      | Reached XP level 4. HP: 21/21 MP: 9/9
  2027 | D:2      | Got Sif Muna's Guide on the Flamy Traveller
  2348 | D:2      | Noticed Jessica
  2353 | D:2      | Killed Jessica
  2588 | D:2      | Reached skill level 7 in Stealth
  2663 | D:3      | Noticed a moth of wrath
  2665 | D:3      | Found a bloodstained altar of Trog.
  2697 | D:3      | Reached XP level 5. HP: 25/25 MP: 10/10
  3528 | D:3      | Found a blossoming altar of Fedhas.
  3810 | D:3      | Learned a level 3 spell: Tukima's Dance
  4090 | D:4      | Identified the +12 hand axe "Tethruimia" {antimagic, rN+
                  | Will+ Str+3}
  4100 | D:4      | Noticed an ogre
  4207 | D:4      | Reached XP level 6. HP: 29/29 MP: 8/12
  4852 | D:4      | Reached skill level 8 in Stealth
  5156 | D:4      | Reached skill level 1 in Shields
  5204 | D:4      | Reached skill level 5 in Hexes
  5612 | D:4      | Reached skill level 1 in Fighting
  5612 | D:4      | Reached XP level 7. HP: 33/33 MP: 3/14
  5854 | D:5      | Entered Level 5 of the Dungeon
  6524 | D:5      | Learned a level 3 spell: Dazzling Flash
  6762 | D:5      | Noticed a yak
  6767 | D:5      | Noticed a yak
  6768 | D:5      | Noticed a yak
  6769 | D:5      | Killed a yak
  6773 | D:5      | Noticed a yak
  6773 | D:5      | Noticed a yak
  6776 | D:5      | Noticed a yak
  6787 | D:5      | Killed a yak
  6788 | D:5      | Reached skill level 9 in Stealth
  6788 | D:5      | Reached skill level 5 in Spellcasting
  7123 | D:5      | Killed a yak
  7124 | D:5      | Reached XP level 8. HP: 37/37 MP: 17/17
  7128 | D:5      | Reached skill level 10 in Stealth
  7257 | D:5      | Found a staircase to the Ecumenical Temple.
  7279 | Temple   | Entered the Ecumenical Temple
  7447 | D:5      | Reached skill level 11 in Stealth
  7760 | D:5      | Reached skill level 12 in Stealth
  7760 | D:5      | Reached XP level 9. HP: 42/42 MP: 20/20
  7840 | D:5      | Found a burning altar of Makhleb.
  8254 | D:6      | Noticed Sigmund
  8261 | D:6      | Killed Sigmund
  8330 | D:6      | Reached skill level 13 in Stealth
  8420 | D:6      | Found a hide-covered altar of Uskayaw.
  9101 | D:7      | Found a shimmering blue altar of Sif Muna.
  9148 | D:7      | Reached skill level 14 in Stealth
  9336 | D:7      | Found an ornate altar of the Wu Jian Council.
  9522 | D:7      | Found a basalt altar of Yredelemnul.
  9558 | D:7      | Noticed Harold
 10016 | D:7      | Killed Harold
 10017 | D:7      | Reached XP level 10. HP: 25/46 MP: 12/23
 10362 | D:8      | Found a broken altar of Ashenzari.
 10724 | D:8      | Reached skill level 1 in Throwing
 10759 | D:8      | Found a shadowy altar of Dithmenos.
 10795 | D:8      | Found Qusap's Hydra Hut.
 10833 | D:8      | Became a worshipper of Dithmenos the Shadowed
 10875 | D:8      | Noticed an angel
 10876 | D:8      | Found a glowing silver altar of Zin.
 10919 | D:8      | Noticed a six-headed hydra
 11095 | D:8      | Found Cepnia's Antique Weapon Emporium.
 11381 | D:9      | Found a radiant altar of Vehumet.
 11464 | D:9      | Noticed a two-headed ogre
 11466 | D:9      | Killed a two-headed ogre
 11467 | D:9      | Reached skill level 15 in Stealth
 11467 | D:9      | Reached skill level 1 in Invocations
 11467 | D:9      | Reached skill level 1 in Evocations
 11834 | D:9      | Reached skill level 5 in Short Blades
 11978 | D:9      | Found an iron altar of Okawaru.
 12078 | D:9      | Noticed Maggie
 12085 | D:9      | Killed Maggie
 12155 | D:9      | Found a hazy altar of Hepliaklqana.
 12330 | D:10     | Entered Level 10 of the Dungeon
 12501 | D:9      | Reached XP level 11. HP: 35/50 MP: 19/24
 12506 | D:9      | Learned a level 4 spell: Cause Fear
 12667 | D:10     | Noticed Erica
 12682 | D:10     | Reached * piety under Dithmenos
 13926 | D:10     | Reached skill level 5 in Dodging
 13926 | D:10     | Reached skill level 16 in Stealth
 14081 | D:10     | Found a staircase to the Orcish Mines.
 14422 | D:10     | Killed Erica
 14719 | D:11     | Noticed Sonja
 14723 | D:11     | Killed Sonja
 14743 | D:11     | Noticed a death yak
 14803 | D:11     | Found a portal to a secret trove of treasure.
 14901 | D:11     | Noticed a death yak
 14902 | D:11     | Noticed a death yak
 14906 | D:11     | Reached ** piety under Dithmenos
 15024 | D:11     | Noticed a two-headed ogre
 15026 | D:11     | Killed a two-headed ogre
 15027 | D:11     | Reached skill level 5 in Evocations
 15033 | D:11     | Reached skill level 17 in Stealth
 15217 | D:11     | Found a staircase to the Lair.
 15217 | D:11     | Noticed a death yak
 15221 | D:11     | Noticed a death yak
 15529 | D:11     | Killed a death yak
 15904 | D:12     | Noticed a seven-headed hydra
 15905 | D:12     | Killed a seven-headed hydra
 16178 | D:11     | Killed a death yak
 16179 | D:11     | Reached XP level 12. HP: 40/54 MP: 8/26
 16373 | D:11     | Killed a death yak
 16447 | D:11     | Killed a death yak
 16953 | Lair:1   | Entered Level 1 of the Lair of Beasts
 16960 | Lair:1   | Found the +3 sling "Punk" {acid, rCorr}
 16962 | Lair:1   | Noticed a five-headed hydra
 16987 | Lair:1   | Killed a five-headed hydra
 16988 | Lair:1   | Reached skill level 10 in Hexes
 17160 | Lair:1   | Reached skill level 1 in Conjurations
 17301 | Lair:1   | Reached skill level 18 in Stealth
 17360 | Lair:1   | Reached skill level 5 in Invocations
 18129 | Lair:2   | Reached skill level 10 in Spellcasting
 18321 | Lair:2   | Got the Disquisition on Igneous Beguiling
 18579 | Lair:2   | Reached *** piety under Dithmenos
 18714 | Lair:2   | Noticed an eight-headed hydra
 18724 | Lair:2   | Reached skill level 19 in Stealth
 18724 | Lair:2   | Reached skill level 5 in Shields
 19066 | Lair:2   | Reached XP level 13. HP: 59/59 MP: 28/28
 19089 | Lair:2   | Found a staircase to the Snake Pit.
 19772 | Lair:3   | Reached **** piety under Dithmenos
 19960 | Lair:3   | Reached skill level 20 in Stealth
 20347 | Lair:3   | Found a staircase to the Swamp.
 20776 | Lair:3   | Reached ***** piety under Dithmenos
 21642 | Lair:4   | Reached skill level 21 in Stealth
 21737 | Lair:4   | Noticed Kirke
 22143 | Lair:4   | Noticed a sphinx
 22485 | Lair:4   | Killed Kirke
 22726 | Lair:5   | Reached XP level 14. HP: 63/63 MP: 28/29
 24069 | Lair:6   | Entered Level 6 of the Lair of Beasts
 24069 | Lair:6   | Noticed Jipob's ghost (adept MiBe)
 24069 | Lair:6   | Found a runed translucent door.
 24195 | Lair:6   | Learned a level 4 spell: Summon Lightning Spire
 24387 | Lair:6   | Reached skill level 1 in Air Magic
 24403 | Lair:6   | Reached skill level 22 in Stealth
 24733 | Lair:6   | Reached skill level 1 in Summonings
 25032 | Lair:6   | Slain by a death yak

Illustrated notes

Levels and vault maps discovered:
D:1:      eino_arrival_tree_alley, layout_loops_cross,
          hellmonk_ecumenical_altar_heavens_door
D:2:      layout_loops_cross, minmay_tall_x, uniq_terence, uniq_jessica
D:3:      layout_rooms, nicolae_overflow_crystal_walls, tgw_trog, minmay_vboxes
D:4:      layout_basic, minmay_ruptured
D:5:      layout_basic, bloody_makhleb, minmay_temple_entry_arrows,
          nicolae_underground_beach
D:6:      layout_cave_pods, mainiacjoe_overflow_24_doors, minmay_misc_feat_room,
          abandoned_shop, uniq_sigmund
D:7:      layout_basic, mainiacjoe_overflow_catwalk,
          mainiacjoe_overflow_alcove_4, amcnicky_altar_gilded,
          chequers_serial_rivers_small_b, uniq_harold
D:8:      layout_basic, lemuel_coloured_pillars_altar, zin_angel,
          marbit_many_paths, serial_shops, nicolae_shop_crystal,
          doesnt_shop_hydraphobe
D:9:      layout_loops_ring, mainiacjoe_overflow_six_doors_small,
          kennysheep_mini, vehumet_statue, item_on_display_a, uniq_maggie
D:10:     layout_cave_pools, erik_orc_1, uniq_erica
D:11:     layout_loops_ring, dpeg_lair_monsters, nicolae_trove_entry_crossroad,
          uniq_sonja
D:12:     layout_roguey
Temple:   nicolae_temple_figure_zero
Lair:1:   layout_chaotic_city
Lair:2:   nzn_winding_woodlands_stair_cross
          [nzn_winding_woodlands_5x15_pathside_ponds,
          nzn_winding_woodlands_center_garden,
          nzn_winding_woodlands_5x15_lazy_stream,
          nzn_winding_woodlands_5x5_checkerboard,
          nzn_winding_woodlands_5x5_open_star,
          nzn_winding_woodlands_5x15_jagged,
          nzn_winding_woodlands_center_pierced_h,
          nzn_winding_woodlands_5x15_eye], layout_small_grid,
          guppyfry_snake_entry_garden, beast_lair_carwin_1
Lair:3:   layout_cellular_growth, palyth_hydra_swamp_entry, beast_lair_carwin_8
Lair:4:   layout_loops_ring, st_stairs_10, minmay_lair_oklob_chamber, uniq_kirke
Lair:5:   layout_cellular_growth, minmay_slime_entry_oklob_open, special_room
          [special_room_mythical_zoo]
Lair:6:   evilmike_catoblepas_cave, layout_hall_layers,
          hellmonk_ghost_happy_afterlife

Skill      XL: |  1  2  3  4  5  6  7  8  9 10 11 12 13 14 |
---------------+-------------------------------------------+-----
Dodging        | 3 4 5 |  5.9
Hexes          | 4 5 6 8 9 10 11 | 11.3
Spellcasting   | 3 4 5 7 8 9 10 11 | 11.4
Stealth        | 5 6 7 8 9 12 14 15 17 19 21 22 | 22.6
Short Blades   | 2 3 4 5 6 |  6.5
Shields        | 1 2 3 4 5 6 |  6.2
Fighting       | 1 2 |  2.7
Throwing       | 1 2 |  2.0
Invocations    | 2 4 5 6 7 |  7.3
Evocations     | 3 5 7 9 |  9.9
Conjurations   | 1 |  1.0
Air Magic      | 2 |  2.0
Summonings     | 1 |  1.1

Action                   |  1- 3 |  4- 6 |  7- 9 | 10-12 | 13-15 || total
-------------------------+-------+-------+-------+-------+-------++-------
Melee: Dagger            |    94 |   166 |    93 |   270 |   381 ||  1004
       Short sword       |       |    10 |    40 |    16 |       ||    66
Throw: Dart              |       |     3 |     5 |    43 |    13 ||    64
       Throwing net      |       |       |       |       |     2 ||     2
 Cast: Corona            |     4 |     1 |       |       |       ||     5
       Ensorcelled Hiber |     9 |    46 |    50 |   117 |   124 ||   346
       Tukima's Dance    |       |    11 |    21 |    19 |       ||    51
       Confusing Touch   |       |     1 |     8 |    15 |    23 ||    47
       Dazzling Flash    |       |       |       |    41 |    27 ||    68
       Cause Fear        |       |       |       |     1 |     3 ||     4
  Use: Potion            |       |     2 |     1 |       |       ||     3
       Scroll            |       |       |       |    11 |     7 ||    18
 Stab: Sleeping          |    18 |    30 |    31 |    95 |   109 ||   283
       Confused          |       |       |     4 |    13 |    19 ||    36
       Invisible         |       |       |       |     8 |    13 ||    21
       Distracted        |       |       |       |     2 |     5 ||     7
       Held in net/web   |       |       |       |       |     2 ||     2
Armor: Robe              |    20 |    16 |     9 |     5 |       ||    50
       Steam dragon scal |       |       |       |    17 |       ||    17
       Animal skin       |       |       |       |    12 |    23 ||    35
Dodge: Dodged            |    74 |   156 |    74 |   152 |   227 ||   683
